[Event "9th RTU Rapid 2019"]
[Site "Riga"]
[Date "2019.08.04"]
[Round "5.10"]
[White "Bulmaga, Irina"]
[Black "Smirnova, Ekaterina"]
[Result "1/2-1/2"]
[WhiteElo "2434"]
[BlackElo "2134"]
[PlyCount "160"]
[EventDate "2019.08.05"]
[EventType "swiss"]
[EventCountry "LAT"]
[TimeControl "5400+30"]
[WhiteClock "0:01:15"]
[BlackClock "0:00:36"]

1. e4 e6 2. d4 d5 3. Nc3 dxe4 4. Nxe4 Bd7 5. Nf3 Bc6 6. Bd3 Nd7 7. Qe2 Ngf6 8. Neg5 Bxf3 9. Nxf3 Be7 10. Bd2 c6 11. O-O-O Qc7 12. Kb1 Nd5 13. Ne5 Nxe5 14. dxe5 O-O-O 15. a3 g6 16. f4 h5 17. c4 Nb6 18. Ba5 Rd7 19. Bc2 Rxd1+ 20. Rxd1 Rd8 21. Bc3 Rxd1+ 22. Bxd1 Qd7 23. Bc2 Bc5 24. Qe4 Kb8 25. g3 Qd8 26. h3 Kc8 27. b4 Bf8 28. Qd3 Qxd3 29. Bxd3 Bh6 30. Bd2 Nd7 31. Kc2 c5 32. Be4 Kc7 33. Kd3 b6 34. b5 Bg7 35. Bc3 Bh6 36. Ke3 Kd8 37. Kf3 Ke7 38. Bc6 Nb8 39. Bb7 Nd7 40. a4 Kd8 41. g4 hxg4+ 42. hxg4 Kc7 43. Bc6 Kd8 44. Ke4 Nb8 45. Ba8 a5 46. Kf3 Ke7 47. Be4 Bg7 48. Be1 g5 49. fxg5 Nd7 50. Bg3 Bxe5 51. Bh4 Kf8 52. Bc6 Nb8 53. Ke4 Bc7 54. Be1 Nxc6 55. bxc6 Ke7 56. Bc3 Kd6 57. Be5+ Kxc6 58. Bxc7 Kxc7 59. Ke5 Kd7 60. Kf6 b5 61. axb5 a4 62. Kxf7 a3 63. g6 a2 64. g7 a1=Q 65. g8=Q Qf1+ 66. Kg7 Qa1+ 67. Kf8 Qa8+ 68. Kg7 Qa1+ 69. Kh6 Qh1+ 70. Kg5 Qc1+ 71. Kg6 Qb1+ 72. Kh6 Qh1+ 73. Kg5 Qc1+ 74. Kh4 Qh6+ 75. Kg3 Qe3+ 76. Kh4 Qh6+ 77. Kg3 Qe3+ 78. Kg2 Qe2+ 79. Kh3 Qe3+ 80. Kh4 Qh6+ 1/2-1/2

[Event "9th RTU Rapid 2019"]
[Site "Riga"]
[Date "2019.08.04"]
[Round "5.11"]
[White "Galchenko, Matvey"]
[Black "Rudovskii, Filipp"]
[Result "1-0"]
[WhiteElo "2360"]
[BlackElo "2127"]
[PlyCount "83"]
[EventDate "2019.08.05"]
[EventType "swiss"]
[EventCountry "LAT"]
[TimeControl "5400+30"]
[WhiteClock "0:00:08"]
[BlackClock "0:02:29"]

1. e4 c5 2. a3 g6 3. b4 Bg7 4. Nc3 Nf6 5. Rb1 d6 6. g3 Nc6 7. Bg2 Nd4 8. h3 O-O 9. Nge2 e5 10. O-O b6 11. d3 Bb7 12. bxc5 dxc5 13. f4 Nd7 14. f5 gxf5 15. exf5 Bxg2 16. Kxg2 f6 17. Ne4 Qc7 18. Ng1 c4 19. c3 Nb3 20. dxc4 Ndc5 21. Rxb3 Rad8 22. Qc2 Qc6 23. Re1 Nd3 24. Re2 Qxc4 25. Rb1 Nxc1 26. Rxc1 Rd3 27. Qa2 Rc8 28. Qxc4+ Rxc4 29. Rd2 Rxd2+ 30. Nxd2 Ra4 31. Nb1 Bf8 32. Rc2 Re4 33. Nf3 Bc5 34. g4 Re3 35. Rd2 e4 36. Nd4 Re1 37. Rb2 e3 38. Kf3 Kf7 39. h4 Ke7 40. Nb3 Rf1+ 41. Kg2 e2 42. Rxe2+ 1-0

[Event "9th RTU Rapid 2019"]
[Site "Riga"]
[Date "2019.08.04"]
[Round "5.12"]
[White "Shailesh, Dravid"]
[Black "Suleymenov, Alisher"]
[Result "1/2-1/2"]
[WhiteElo "2134"]
[BlackElo "2348"]
[PlyCount "259"]
[EventDate "2019.08.05"]
[EventType "swiss"]
[EventCountry "LAT"]
[TimeControl "5400+30"]
[WhiteClock "0:00:14"]
[BlackClock "0:01:01"]

1. e4 e6 2. d4 d5 3. Nc3 Bb4 4. e5 Ne7 5. Nf3 c5 6. dxc5 Nbc6 7. Bd3 Ng6 8. O-O O-O 9. Na4 Ba5 10. c3 Bc7 11. Re1 Ncxe5 12. Nxe5 Nxe5 13. Bc2 Qh4 14. g3 Qh3 15. Qe2 Bd7 16. f3 Rfc8 17. Bf4 Ng6 18. Bxc7 Rxc7 19. b4 Rac8 20. b5 Re8 21. Bd3 e5 22. Qf2 Bc8 23. Rad1 Qe6 24. Bc2 Rd8 25. Nb2 Qe7 26. Nd3 f6 27. Bb3 Kh8 28. h4 Be6 29. h5 Nf8 30. h6 gxh6 31. Qe3 Nd7 32. Qxh6 Nxc5 33. Nxc5 Qxc5+ 34. Kg2 Qe7 35. f4 e4 36. f5 Bg8 37. c4 d4 38. Bc2 e3 39. g4 Rxc4 40. Bd3 Rc7 41. g5 Qg7 42. Qxf6 Qxf6 43. gxf6 Bxa2 44. Ra1 Bd5+ 45. Kg3 b6 46. Kf4 Bg8 47. Rac1 Rc5 48. Ra1 Rd7 49. Rec1 Rf7 50. Kg5 Rfc7 51. Rd1 Re5 52. Kf4 Re8 53. Rdc1 Rec8 54. Rxc7 Rxc7 55. Ke5 Rd7 56. Rc1 h5 57. Rc8 Kh7 58. Re8 h4 59. Re7+ Rxe7+ 60. fxe7 Bf7 61. f6+ Kh6 62. Bc4 e2 63. Bxe2 h3 64. Kxd4 h2 65. Bf3 Kg5 66. Ke5 Be8 67. Ke6 Bxb5 68. Bd5 Bc4 69. e8=Q Bxd5+ 70. Ke5 h1=Q 71. f7 Bxf7 72. Qxf7 Qa1+ 73. Kd6 Qd4+ 74. Kc6 Qc5+ 75. Kb7 a5 76. Qg7+ Kf5 77. Qf7+ Ke5 78. Qh5+ Kd4 79. Qd1+ Kc4 80. Qc2+ Kd5 81. Qf5+ Kd4 82. Qf4+ Kc3 83. Qc1+ Kd3 84. Qd1+ Ke4 85. Qg4+ Ke5 86. Qg5+ Kd4 87. Qd2+ Ke4 88. Qg2+ Kd3 89. Qf1+ Kd2 90. Qg2+ Kc1 91. Qf1+ Kb2 92. Qf6+ Kb3 93. Qe6+ Ka4 94. Qa2+ Kb4 95. Qb2+ Kc4 96. Qc2+ Kd5 97. Qf5+ Kd4 98. Qf2+ Ke4 99. Qh4+ Kd3 100. Qh7+ Kc3 101. Qh3+ Kb4 102. Qh4+ Kb5 103. Qe4 a4 104. Qb1+ Ka5 105. Qe1+ Kb5 106. Qb1+ Qb4 107. Qf5+ Qc5 108. Qb1+ Qb4 109. Qf5+ Kc4 110. Qe4+ Kc3 111. Qe1+ Kb3 112. Qb1+ Kc4 113. Qe4+ Kb5 114. Qf5+ Kc4 115. Qe4+ Kb3 116. Qb1+ Kc3 117. Qe1+ Kc4 118. Qe4+ Kc5 119. Qe5+ Kc4 120. Qe4+ Kb5 121. Qe8+ Kc4 122. Qe4+ Kb3 123. Qb1+ Kc3 124. Qe1+ Kb3 125. Qb1+ Kc4 126. Qe4+ Kb5 127. Qe8+ Kc5 128. Qe7+ Kc4 129. Qe4+ Kb5 130. Qe8+ 1/2-1/2

[Event "9th RTU Rapid 2019"]
[Site "Riga"]
[Date "2019.08.04"]
[Round "5.13"]
[White "Maltsevskaya, Aleksandra"]
[Black "Golubovskis, Maksims"]
[Result "1-0"]
[WhiteElo "2321"]
[BlackElo "2081"]
[PlyCount "83"]
[EventDate "2019.08.05"]
[EventType "swiss"]
[EventCountry "LAT"]
[TimeControl "5400+30"]
[WhiteClock "0:01:42"]
[BlackClock "0:03:05"]

1. Nf3 Nf6 2. g3 b6 3. Bg2 Bb7 4. O-O e6 5. d3 d5 6. Nbd2 Be7 7. e4 dxe4 8. Ng5 O-O 9. Ngxe4 Nxe4 10. Nxe4 Qc8 11. a4 Nd7 12. a5 f5 13. a6 Bc6 14. Nf6+ Nxf6 15. Bxc6 Rb8 16. Qe2 Bd6 17. d4 Rf7 18. Re1 Re7 19. Qc4 Kh8 20. Bg5 e5 21. dxe5 Rxe5 22. Rxe5 Bxe5 23. Re1 h6 24. Bxf6 gxf6 25. f4 b5 26. Qd5 Bxb2 27. Re8+ Qxe8 28. Bxe8 Rxe8 29. Qxb5 Bd4+ 30. Kg2 Re7 31. Qxf5 Kg7 32. Qg4+ Kf7 33. Qf3 c5 34. Kh3 f5 35. Qh5+ Ke6 36. Qxh6+ Bf6 37. Qg6 Rg7 38. Qe8+ Be7 39. Qc8+ Kf6 40. Qc6+ Kf7 41. Qb7 Rh7+ 42. Kg2 1-0

[Event "9th RTU Rapid 2019"]
[Site "Riga"]
[Date "2019.08.04"]
[Round "5.14"]
[White "Radkov, Bazhen D."]
[Black "Nesteretz, Anatoliy"]
[Result "1-0"]
[WhiteElo "2133"]
[BlackElo "2317"]
[PlyCount "79"]
[EventDate "2019.08.05"]
[EventType "swiss"]
[EventCountry "LAT"]
[TimeControl "5400+30"]
[WhiteClock "0:00:08"]
[BlackClock "0:00:13"]

1. d4 g6 2. c4 Bg7 3. Nc3 d6 4. Nf3 Bg4 5. d5 Nf6 6. Nd4 O-O 7. h3 Bc8 8. e4 e5 9. dxe6 fxe6 10. Be2 a5 11. O-O Na6 12. Re1 Nc5 13. Bf1 Nh5 14. Be3 e5 15. Nc2 Ne6 16. Kh2 c5 17. g3 Nd4 18. Bg2 Be6 19. Nd5 Rb8 20. b3 b5 21. cxb5 Rxb5 22. Na3 Rb8 23. Nc4 Nf6 24. Qd2 Nxd5 25. exd5 Bf5 26. Rac1 Ra8 27. f4 exf4 28. Bxf4 Ra6 29. Bg5 Bf6 30. Bh6 Bg7 31. Bg5 Bf6 32. Bh6 Bg7 33. Bg5 Bf6 34. Bh6 Rf7 35. Nxa5 g5 36. Nc6 Qa8 37. Nxd4 Bxd4 38. Qxg5+ Kh8 39. Re7 Ra7 40. Rxa7 1-0

[Event "9th RTU Rapid 2019"]
[Site "Riga"]
[Date "2019.08.04"]
[Round "5.15"]
[White "Gudovskis, Konstantins"]
[Black "Kiik, Kalle"]
[Result "0-1"]
[WhiteElo "2015"]
[BlackElo "2308"]
[PlyCount "89"]
[EventDate "2019.08.05"]
[EventType "swiss"]
[EventCountry "LAT"]
[TimeControl "5400+30"]
[WhiteClock "0:03:52"]
[BlackClock "0:00:06"]

1. d4 d5 2. c4 e5 3. dxe5 d4 4. Nf3 Nc6 5. g3 Nge7 6. Bg2 Ng6 7. Nbd2 Ngxe5 8. a3 a5 9. Nxe5 Nxe5 10. Nf3 Nxf3+ 11. Bxf3 Be7 12. e3 c5 13. exd4 cxd4 14. Bf4 O-O 15. O-O Bf6 16. Re1 a4 17. Bd5 Bf5 18. Be5 d3 19. Qd2 Re8 20. Qc3 Rxe5 21. Rxe5 Qd6 22. Rxf5 Bxc3 23. bxc3 Rf8 24. Rf3 g6 25. Rxd3 Kg7 26. Rdd1 b6 27. Rdb1 Qf6 28. Rc1 Re8 29. Ra2 Re5 30. Rb2 h5 31. h4 g5 32. hxg5 Rxg5 33. Rcb1 Qxc3 34. Rxb6 Qxa3 35. Kg2 Qc5 36. R6b5 Qd4 37. Rb7 Rf5 38. Bf3 a3 39. Rd1 Qxc4 40. Rdd7 a2 41. Bd5 Rxd5 42. Rxf7+ Kg6 43. Rg7+ Kf6 44. f4 Rd2+ 45. Kf3 0-1

[Event "9th RTU Rapid 2019"]
[Site "Riga"]
[Date "2019.08.04"]
[Round "5.16"]
[White "Lavendelis, Egons"]
[Black "Vedrickiene, Jovita"]
[Result "1-0"]
[WhiteElo "2292"]
[BlackElo "2036"]
[PlyCount "49"]
[EventDate "2019.08.05"]
[EventType "swiss"]
[EventCountry "LAT"]
[TimeControl "5400+30"]
[WhiteClock "0:01:07"]
[BlackClock "0:08:50"]

1. e4 c5 2. Nf3 Nc6 3. Bb5 Na5 4. c3 a6 5. Ba4 b5 6. Bc2 Bb7 7. O-O d6 8. d4 cxd4 9. cxd4 Rc8 10. Bd3 Nf6 11. Re1 e6 12. b3 Be7 13. Bb2 O-O 14. Nc3 Nc6 15. Rc1 Nd7 16. Bb1 f5 17. exf5 exf5 18. Nd5 Bf6 19. Bxf5 Ne7 20. Nxf6+ Nxf6 21. Bxc8 Bxc8 22. Ng5 Ng4 23. f3 Nd5 24. Rxc8 Qxc8 25. fxg4 1-0

[Event "9th RTU Rapid 2019"]
[Site "Riga"]
[Date "2019.08.04"]
[Round "5.17"]
[White "Martynyuk, Elizaveta"]
[Black "Grinev, Valeriy"]
[Result "0-1"]
[WhiteElo "2125"]
[BlackElo "2287"]
[PlyCount "104"]
[EventDate "2019.08.05"]
[EventType "swiss"]
[EventCountry "LAT"]
[TimeControl "5400+30"]
[WhiteClock "0:07:49"]
[BlackClock "0:00:07"]

1. e4 c5 2. Nf3 e6 3. d4 cxd4 4. Nxd4 a6 5. Bd3 Bc5 6. Nb3 Be7 7. Qg4 g6 8. Qe2 d6 9. Nc3 Nd7 10. a4 b6 11. O-O Bb7 12. f4 Ngf6 13. f5 gxf5 14. exf5 e5 15. Ne4 Bxe4 16. Bxe4 d5 17. Bd3 Qc8 18. Bh6 e4 19. Rae1 Ne5 20. Bf4 Nfd7 21. Bxe5 Nxe5 22. f6 Bd6 23. Qh5 Qg4 24. Qxg4 Nxg4 25. Kh1 Be5 26. Bxe4 dxe4 27. Rxe4 h5 28. h3 O-O-O 29. hxg4 hxg4+ 30. Kg1 Bxb2 31. Rxg4 Rd6 32. c3 Rc6 33. Nd4 Rxc3 34. Nf5 Ba3 35. Rff4 Bc5+ 36. Kf1 Rc2 37. Rh4 Rxh4 38. Nxh4 b5 39. axb5 axb5 40. g4 b4 41. Ke1 b3 42. Kd1 Ba3 43. Nf3 Rc1+ 44. Ke2 b2 45. Nd2 Rc2 46. Rf1 Bb4 47. Rb1 Rxd2+ 48. Ke3 Rg2 49. g5 Bc3 50. Kd3 Be5 51. Re1 Rxg5 52. Ke4 Bxf6 0-1

[Event "9th RTU Rapid 2019"]
[Site "Riga"]
[Date "2019.08.04"]
[Round "5.18"]
[White "Solomka, Nikita"]
[Black "Dubrovin, Robert"]
[Result "0-1"]
[WhiteElo "1892"]
[BlackElo "2282"]
[PlyCount "92"]
[EventDate "2019.08.05"]
[EventType "swiss"]
[EventCountry "LAT"]
[TimeControl "5400+30"]
[WhiteClock "0:00:45"]
[BlackClock "0:00:39"]

1. d4 Nf6 2. Nf3 g6 3. Bf4 Bg7 4. e3 O-O 5. h3 c5 6. c3 b6 7. Nbd2 Bb7 8. Be2 d6 9. O-O Nbd7 10. Bh2 Re8 11. Re1 a6 12. a4 Ne4 13. Nxe4 Bxe4 14. Nd2 Bb7 15. Bf3 Qc7 16. Qb3 Bxf3 17. Nxf3 Qb7 18. Ng5 d5 19. Qa3 e5 20. Nf3 Rac8 21. Rac1 e4 22. Nd2 Nf8 23. b4 c4 24. Rb1 Ne6 25. b5 a5 26. Qc1 f5 27. Nf1 Qf7 28. f3 Bh6 29. Be5 f4 30. fxe4 dxe4 31. Nh2 f3 32. Rf1 Nc5 33. Ng4 Bg5 34. dxc5 h5 35. gxf3 exf3 36. Bf6 Rxc5 37. Bxg5 hxg4 38. Bf4 g5 39. Bg3 Qh5 40. Qc2 Rxe3 41. hxg4 Qxg4 42. Qg6+ Kh8 43. Qf6+ Kg8 44. Qd8+ Kh7 45. Qb8 Rce5 46. Rbd1 Qxg3+ 0-1

[Event "9th RTU Rapid 2019"]
[Site "Riga"]
[Date "2019.08.04"]
[Round "5.19"]
[White "Zhukov, Anton"]
[Black "Reizniece-Ozola, Dana"]
[Result "1-0"]
[WhiteElo "2087"]
[BlackElo "2261"]
[PlyCount "173"]
[EventDate "2019.08.05"]
[EventType "swiss"]
[EventCountry "LAT"]
[TimeControl "5400+30"]
[WhiteClock "0:02:09"]
[BlackClock "0:03:08"]

1. d4 Nf6 2. c4 g6 3. Nc3 Bg7 4. e4 d6 5. Be2 O-O 6. Be3 e5 7. d5 a5 8. g4 Na6 9. h4 Nc5 10. f3 c6 11. h5 cxd5 12. cxd5 Bd7 13. hxg6 fxg6 14. Qd2 a4 15. Bh6 Bxh6 16. Qxh6 Rf7 17. Nh3 b5 18. O-O b4 19. Nd1 Qb6 20. Kg2 Bb5 21. Qd2 Bxe2 22. Qxe2 Qa6 23. Qe3 Nd3 24. Nhf2 Nf4+ 25. Kg1 Rc8 26. g5 N6h5 27. Ng4 Kg7 28. Ndf2 Rc2 29. b3 a3 30. Qe1 Qb6 31. Qe3 Qb5 32. Rfd1 Rfc7 33. Rd2 R2c3 34. Qe1 Rxf3 35. Rc1 Rxc1 36. Qxc1 Rc3 37. Qd1 Qc5 38. Kh2 Ng3 39. Nd3 Nxd3 40. Rxd3 Nxe4 41. Qf3 Rc2+ 42. Kh1 Rc1+ 43. Rd1 Rxd1+ 44. Qxd1 Nxg5 45. Qd2 h6 46. Kg2 Qd4 47. Qxd4 exd4 48. Nf2 Kf6 49. Nd3 Ne4 50. Nxb4 Nc3 51. Kf3 Ke5 52. Nc6+ Kxd5 53. Nb4+ Kc5 54. Nd3+ Kb5 55. Nc1 d5 56. Kf4 g5+ 57. Ke5 g4 58. Kxd4 Nd1 59. Ne2 Kb4 60. Nf4 Nc3 61. Nd3+ Kb5 62. Kxc3 g3 63. Nf4 Kc5 64. Kd3 h5 65. Ng2 Kc6 66. Kd4 Kd6 67. b4 Kc6 68. b5+ Kxb5 69. Kxd5 Kb4 70. Kd4 Kb5 71. Kc3 Ka4 72. Kc4 Ka5 73. Kb3 Kb5 74. Kxa3 Ka5 75. Kb3 Kb5 76. a4+ Ka5 77. Ka3 Kb6 78. Kb4 Ka6 79. a5 Kb7 80. Kb5 Ka7 81. a6 Kb8 82. Kb6 Ka8 83. a7 h4 84. Nf4 g2 85. Nxg2 h3 86. Nf4 h2 87. Nd5 1-0

[Event "9th RTU Rapid 2019"]
[Site "Riga"]
[Date "2019.08.04"]
[Round "5.20"]
[White "Wedda, Dries"]
[Black "Lagerborg, Krister"]
[Result "1-0"]
[WhiteElo "2234"]
[BlackElo "2129"]
[PlyCount "77"]
[EventDate "2019.08.05"]
[EventType "swiss"]
[EventCountry "LAT"]
[TimeControl "5400+30"]
[WhiteClock "0:02:57"]
[BlackClock "0:00:56"]

1. d4 Nf6 2. c4 g6 3. Nc3 Bg7 4. e4 d6 5. Nge2 O-O 6. Ng3 e5 7. d5 Ne8 8. Be2 f5 9. exf5 gxf5 10. f4 a5 11. O-O Na6 12. Be3 b6 13. Qd2 Nc5 14. Rae1 e4 15. Nh5 Bh8 16. Kh1 Nf6 17. Nxf6+ Bxf6 18. Rg1 Qe7 19. Nb5 Ba6 20. Nd4 Bc8 21. g4 fxg4 22. Bxg4 Kh8 23. f5 Rg8 24. Ref1 Be5 25. Nc6 Qf6 26. Nxe5 dxe5 27. Bh3 Bd7 28. Bg5 Qf7 29. Qe3 Raf8 30. f6 Bxh3 31. Qxh3 Rg6 32. Bh6 Re8 33. Bg7+ Kg8 34. Rxg6 Qxg6 35. f7+ Kxg7 36. fxe8=Q Qxe8 37. Qf5 Qe7 38. Rg1+ Kh8 39. Qc8+ 1-0

[Event "9th RTU Rapid 2019"]
[Site "Riga"]
[Date "2019.08.04"]
[Round "5.21"]
[White "Vedrickas, Tautvydas"]
[Black "Gagare, Shalmali"]
[Result "1-0"]
[WhiteElo "2231"]
[BlackElo "1984"]
[PlyCount "85"]
[EventDate "2019.08.05"]
[EventType "swiss"]
[EventCountry "LAT"]
[TimeControl "5400+30"]
[WhiteClock "0:00:18"]
[BlackClock "0:00:47"]

1. d4 Nf6 2. c4 e6 3. Nf3 d5 4. Nc3 Be7 5. Bg5 O-O 6. e3 h6 7. Bxf6 Bxf6 8. Rc1 b6 9. b3 Bb7 10. Be2 Nd7 11. O-O dxc4 12. bxc4 c5 13. Qa4 cxd4 14. exd4 a6 15. Rfd1 Qc7 16. d5 Bxc3 17. d6 Qc6 18. Qxc6 Bxc6 19. Rxc3 Nc5 20. Ne5 Ba4 21. Rb1 Rab8 22. Bd1 Be8 23. Bc2 f6 24. Nf3 e5 25. Nh4 Bc6 26. Ng6 Ne4 27. Ne7+ Kf7 28. Re3 Nxd6 29. Nxc6 Rb7 30. Rd3 Ke6 31. c5 bxc5 32. Rxd6+ Kxd6 33. Rxb7 Kxc6 34. Be4+ Kd6 35. Rb6+ Kd7 36. Rxa6 f5 37. Bd5 Rf6 38. Rxf6 gxf6 39. Kf1 Kd6 40. Bc4 e4 41. a4 Kc6 42. a5 f4 43. Ke2 1-0

[Event "9th RTU Rapid 2019"]
[Site "Riga"]
[Date "2019.08.04"]
[Round "5.22"]
[White "Bracker, Arne"]
[Black "Walkusz, Witoslaw"]
[Result "1-0"]
[WhiteElo "2227"]
[BlackElo "2138"]
[PlyCount "61"]
[EventDate "2019.08.05"]
[EventType "swiss"]
[EventCountry "LAT"]
[TimeControl "5400+30"]
[WhiteClock "0:00:10"]
[BlackClock "0:03:57"]

1. e4 e5 2. Nf3 Nc6 3. Bb5 a6 4. Ba4 Nf6 5. O-O b5 6. Bb3 Be7 7. Re1 d6 8. c3 O-O 9. h3 Bb7 10. d4 Re8 11. Nbd2 Bf8 12. a3 Na5 13. Bc2 exd4 14. cxd4 c5 15. d5 Qc7 16. b3 c4 17. b4 c3 18. bxa5 cxd2 19. Bxd2 Rac8 20. Bd3 Nd7 21. Bb4 Ne5 22. Nxe5 dxe5 23. Rc1 Qxc1 24. Qxc1 Rxc1 25. Rxc1 Rc8 26. Rxc8 Bxc8 27. d6 f6 28. a4 g6 29. axb5 axb5 30. Bxb5 Kg7 31. d7 1-0

[Event "9th RTU Rapid 2019"]
[Site "Riga"]
[Date "2019.08.04"]
[Round "5.23"]
[White "Mota, Pankit"]
[Black "Damen, Jip"]
[Result "1/2-1/2"]
[WhiteElo "1841"]
[BlackElo "2179"]
[PlyCount "73"]
[EventDate "2019.08.05"]
[EventType "swiss"]
[EventCountry "LAT"]
[TimeControl "5400+30"]
[WhiteClock "0:03:40"]
[BlackClock "0:03:09"]

1. e4 c5 2. c3 Nf6 3. e5 Nd5 4. Nf3 e6 5. Bc4 Nc6 6. d4 cxd4 7. cxd4 d6 8. O-O Be7 9. Bd2 O-O 10. Nc3 Nb6 11. Bb3 Bd7 12. Qe2 Rc8 13. Rad1 Re8 14. Bf4 d5 15. Bc2 Nc4 16. Bb1 Qb6 17. Bc1 a5 18. h4 f5 19. b3 Na3 20. Bxf5 exf5 21. Nxd5 Qd8 22. e6 Bf8 23. Ng5 Bxe6 24. Qh5 h6 25. Nf4 hxg5 26. hxg5 Bf7 27. g6 Bxg6 28. Nxg6 Bd6 29. Qh8+ Kf7 30. Qh5 Kg8 31. Qh8+ Kf7 32. Qh5 Qf6 33. Ne5+ Kg8 34. Bg5 Qe6 35. Ng6 Qf6 36. Ne5 Qd8 37. Bc1 1/2-1/2

[Event "9th RTU Rapid 2019"]
[Site "Riga"]
[Date "2019.08.04"]
[Round "5.24"]
[White "Dhyana Patel"]
[Black "Alvarado Ascanio, Francisco"]
[Result "1-0"]
[WhiteElo "1900"]
[BlackElo "2166"]
[PlyCount "55"]
[EventDate "2019.08.05"]
[EventType "swiss"]
[EventCountry "LAT"]
[TimeControl "5400+30"]
[WhiteClock "0:00:11"]
[BlackClock "0:08:39"]

1. e4 e6 2. d4 d5 3. Nd2 Nf6 4. e5 Nfd7 5. Bd3 c5 6. c3 Nc6 7. Ne2 cxd4 8. cxd4 f6 9. Nf4 Nxd4 10. Qh5+ Ke7 11. exf6+ Nxf6 12. Ng6+ hxg6 13. Qxh8 Kf7 14. O-O e5 15. Nb3 Nxb3 16. axb3 Bf5 17. Bxf5 gxf5 18. Bg5 Bc5 19. Qh3 g6 20. b4 Bb6 21. Rfd1 Bxf2+ 22. Kxf2 Ne4+ 23. Kg1 Qxg5 24. Rxd5 Rh8 25. Rd7+ Ke8 26. Qxh8+ Kxd7 27. Rd1+ Ke7 28. Qxe5+ 1-0

[Event "9th RTU Rapid 2019"]
[Site "Riga"]
[Date "2019.08.04"]
[Round "5.25"]
[White "Afanasiev, Vadim"]
[Black "Rakshitta Ravi"]
[Result "1-0"]
[WhiteElo "2241"]
[BlackElo "2112"]
[PlyCount "81"]
[EventDate "2019.08.05"]
[EventType "swiss"]
[EventCountry "LAT"]
[TimeControl "5400+30"]
[WhiteClock "0:07:07"]
[BlackClock "0:00:49"]

1. d4 Nf6 2. c4 g6 3. Nc3 Bg7 4. e4 d6 5. Be2 O-O 6. Bg5 Qe8 7. Qd2 e5 8. d5 a5 9. Bd1 Na6 10. Nge2 Nc5 11. Bc2 Nh5 12. Nb5 Na6 13. Qxa5 h6 14. Be3 b6 15. Qd2 Kh7 16. O-O f5 17. exf5 gxf5 18. f4 Qg6 19. Rae1 Bd7 20. a3 Rg8 21. Rf2 Bf6 22. g3 Raf8 23. Ref1 Bd8 24. b4 Kh8 25. Na7 Nf6 26. fxe5 Ng4 27. e6 Nxf2 28. Rxf2 Be8 29. Bxh6 Rf6 30. Be3 Rff8 31. Nd4 Qh5 32. Nxf5 Bg6 33. e7 Bxe7 34. Nxe7 Bxc2 35. Bd4+ Kh7 36. Qxc2+ Kh6 37. Nxg8+ Rxg8 38. Rf6+ Rg6 39. Rxg6+ Qxg6 40. Qxg6+ Kxg6 41. Nb5 1-0

[Event "9th RTU Rapid 2019"]
[Site "Riga"]
[Date "2019.08.04"]
[Round "5.26"]
[White "Vidruska, Renate"]
[Black "Chibukhchyan, Erik"]
[Result "0-1"]
[WhiteElo "2057"]
[BlackElo "2231"]
[PlyCount "107"]
[EventDate "2019.08.05"]
[EventType "swiss"]
[EventCountry "LAT"]
[TimeControl "5400+30"]
[WhiteClock "0:00:39"]
[BlackClock "0:00:07"]

1. e4 e5 2. Nf3 Nc6 3. Nc3 Nf6 4. Bb5 d6 5. d4 exd4 6. Nxd4 Bd7 7. Bxc6 bxc6 8. Qf3 c5 9. Nf5 Bxf5 10. Qxf5 Qd7 11. Qf3 Qg4 12. Qxg4 Nxg4 13. b3 g6 14. Bb2 Bg7 15. h3 Nh6 16. O-O-O O-O-O 17. Nd5 Bxb2+ 18. Kxb2 f5 19. Rhe1 Rhf8 20. f3 fxe4 21. Rxe4 c6 22. Ne3 Nf5 23. Nxf5 Rxf5 24. Re7 Rd7 25. Rde1 Rf7 26. Rxf7 Rxf7 27. Re8+ Kd7 28. Ra8 Ke6 29. Rc8 Kd7 30. Ra8 Ke6 31. Rc8 Ke5 32. Rxc6 Rd7 33. Rc8 Kf4 34. Re8 Kg3 35. Re2 d5 36. c3 a5 37. Kc2 d4 38. Rd2 h5 39. a3 h4 40. b4 axb4 41. axb4 cxb4 42. cxb4 Kf4 43. Kd3 Rb7 44. Kc4 Kg3 45. b5 d3 46. Kc5 Rd7 47. Kc6 Rd4 48. Kc5 Rd8 49. b6 Kf4 50. b7 Ke3 51. Rb2 d2 52. Rb3+ Ke2 53. Rb2 Ke1 54. Rb1+ 0-1

[Event "9th RTU Rapid 2019"]
[Site "Riga"]
[Date "2019.08.04"]
[Round "5.27"]
[White "Low, Zhen Yu Cyrus"]
[Black "Grineva, Marianna"]
[Result "1-0"]
[WhiteElo "2169"]
[BlackElo "2035"]
[PlyCount "63"]
[EventDate "2019.08.05"]
[EventType "swiss"]
[EventCountry "LAT"]
[TimeControl "5400+30"]
[WhiteClock "0:03:16"]
[BlackClock "0:08:52"]

1. e4 d6 2. d4 Nf6 3. Nc3 g6 4. f4 Bg7 5. Bd3 O-O 6. Nf3 Bg4 7. h3 Bxf3 8. Qxf3 Nc6 9. Be3 Nd7 10. e5 e6 11. O-O-O Nb4 12. g4 Nxd3+ 13. Rxd3 Nb6 14. Kb1 Nc4 15. Bc1 f6 16. exd6 cxd6 17. f5 Qb6 18. Nd5 exd5 19. Qxd5+ Kh8 20. Qxc4 Rac8 21. Qb3 Qc6 22. Re1 Qg2 23. Rd2 Qc6 24. Rde2 Rc7 25. h4 a5 26. Qd3 gxf5 27. Qxf5 Qa4 28. h5 h6 29. Qg6 Qxd4 30. Re7 Rxe7 31. Rxe7 f5 32. g5 1-0

[Event "9th RTU Rapid 2019"]
[Site "Riga"]
[Date "2019.08.04"]
[Round "5.28"]
[White "Ciolek, Andreas"]
[Black "Kolesnikovs, Ivans"]
[Result "1-0"]
[WhiteElo "2158"]
[BlackElo "2013"]
[PlyCount "65"]
[EventDate "2019.08.05"]
[EventType "swiss"]
[EventCountry "LAT"]
[TimeControl "5400+30"]
[WhiteClock "0:00:51"]
[BlackClock "0:09:51"]

1. e4 e6 2. Qe2 c5 3. g3 Nc6 4. Nf3 d6 5. Bg2 Nf6 6. O-O e5 7. c3 Be7 8. Rd1 Bg4 9. h3 Bh5 10. d3 O-O 11. Nbd2 Re8 12. Nf1 b5 13. g4 Bg6 14. Ng3 Bf8 15. Nf5 Bxf5 16. gxf5 Qc7 17. Kh1 d5 18. Bg5 dxe4 19. dxe4 Nd7 20. Nd2 c4 21. Nf1 f6 22. Be3 Nc5 23. Rd5 Na5 24. Rad1 a6 25. Bxc5 Bxc5 26. Rd7 Qb6 27. Qh5 Re7 28. Rxe7 Bxe7 29. Rd7 Bf8 30. Ne3 Kh8 31. Nd5 Qc6 32. Rf7 Rd8 33. Nxf6 1-0

[Event "9th RTU Rapid 2019"]
[Site "Riga"]
[Date "2019.08.04"]
[Round "5.29"]
[White "Low, Kevin"]
[Black "Mohite, Ranveer"]
[Result "0-1"]
[WhiteElo "2153"]
[BlackElo "1935"]
[PlyCount "98"]
[EventDate "2019.08.05"]
[EventType "swiss"]
[EventCountry "LAT"]
[TimeControl "5400+30"]
[WhiteClock "0:01:42"]
[BlackClock "0:03:18"]

1. e4 c5 2. Nf3 Nc6 3. Bb5 g6 4. c3 Bg7 5. O-O d6 6. d4 cxd4 7. cxd4 a6 8. Ba4 Bd7 9. Nc3 b5 10. Bc2 Nf6 11. Re1 O-O 12. h3 b4 13. Ne2 e5 14. Ng3 a5 15. dxe5 dxe5 16. Ba4 Qe7 17. Be3 Rac8 18. Rc1 Nb8 19. Bxd7 Nbxd7 20. Qa4 Rfd8 21. Rxc8 Rxc8 22. Qxa5 Rc2 23. Rb1 Qd6 24. Qb5 Qe6 25. Qa4 Rc4 26. Nd2 Rc6 27. Qxb4 Qxa2 28. Qb5 Rc2 29. Qb3 Qxb3 30. Nxb3 h5 31. f3 Bf8 32. Na1 Rc4 33. b3 Rc3 34. Bf2 Nc5 35. Ne2 Rd3 36. b4 Na4 37. b5 Nd7 38. b6 Naxb6 39. Bxb6 Nxb6 40. Kh2 Nc4 41. Rc1 Ne3 42. Nc2 Bh6 43. Nxe3 Rxe3 44. Rc2 Ra3 45. Kg3 Kg7 46. Kf2 Bg5 47. g4 h4 48. Rc5 Be3+ 49. Kg2 Bxc5 0-1

[Event "9th RTU Rapid 2019"]
[Site "Riga"]
[Date "2019.08.04"]
[Round "5.30"]
[White "Efremov, Vladislav"]
[Black "Petrovskis, Olegs"]
[Result "1/2-1/2"]
[WhiteElo "1956"]
[BlackElo "2147"]
[PlyCount "58"]
[EventDate "2019.08.05"]
[EventType "swiss"]
[EventCountry "LAT"]
[TimeControl "5400+30"]
[WhiteClock "0:03:22"]
[BlackClock "0:05:11"]

1. d4 d5 2. c4 c6 3. Nf3 Nf6 4. Qb3 e6 5. Bg5 Nbd7 6. Nbd2 Be7 7. e3 h6 8. Bh4 b6 9. cxd5 exd5 10. Bd3 Bb7 11. O-O O-O 12. Rac1 c5 13. Qd1 Re8 14. dxc5 Nxc5 15. Nb3 Nxd3 16. Qxd3 Ne4 17. Bxe7 Qxe7 18. Nbd4 Rac8 19. Qb1 Rc5 20. Nb3 Rc4 21. Nbd4 Rec8 22. Rc2 Rxc2 23. Nxc2 Ba6 24. Rc1 Bd3 25. Nfe1 Nd2 26. Qa1 Be4 27. Nd4 Rc5 28. b3 Bg6 29. Qb2 Ne4 1/2-1/2